Map: Avalon Labs

Players

Loken - Winner!

  • Race: Protoss Protoss
  • League: Platinum
  • Spawn Location: 12:00

Myran - Winner!

  • Race: Protoss Protoss
  • Spawn Location: 11:00

dallaskuken - Winner!

  • Race: Protoss Protoss
  • League: Platinum
  • Spawn Location: 12:00

NYN

  • Race: Zerg Zerg
  • League: Silver
  • Spawn Location: 6:00

ArdagII

  • Race: Terran Terran
  • Spawn Location: 6:00

mokka

  • Race: Zerg Zerg
  • League: Diamond
  • Spawn Location: 5:00

VOD

Have the link to the VOD?

Description

Time

  • Played on: April 4, 2017, 3:42 p.m.
  • Length: 21:26
Show
View Real Time Build Order
Export as new Build Order

Loken Protoss - Winner!

Build Orders: Oracle Opening 

Get SALT Encoding   

  12  0:01  Probe (Chrono Boost)  
  13  0:12  Probe (Chrono Boost)  
  14  0:18  Pylon  
  14  0:22  Probe (Chrono Boost)  
  15  0:37  Probe (Chrono Boost)  
  15  0:41  Gateway  
  16  0:47  Probe (Chrono Boost)  
  16  0:48  Assimilator  
  17  0:58  Assimilator  
  17  0:59  Probe (Chrono Boost)  
  18  1:10  Probe (Chrono Boost)  
  19  1:21  Probe (Chrono Boost)  
  20  1:30  Cybernetics Core  
  20  1:31  Probe (Chrono Boost)  
  21  1:33  Pylon  
  21  1:42  Probe (Chrono Boost)  
  22  1:52  Probe (Chrono Boost)  
  23  1:57  Pylon  
  23  2:06  Stalker  
  25  2:14  Probe (Chrono Boost)  
  25  2:18  Stargate  
  23  2:36  Zealot  
  23  3:24  Probe (Chrono Boost)  
  23  3:26  Zealot  
  28  3:40  Oracle  
  27  4:01  Probe (Chrono Boost)  
  28  4:11  Probe (Chrono Boost)  
  29  4:22  Pylon  
  29  4:24  Probe (Chrono Boost)  
  30  4:32  Nexus  
  30  4:34  Pylon  
  30  4:40  Oracle  
  29  4:57  Stalker  
  31  5:47  Stalker  
  33  5:58  Oracle  
  33  6:01  Probe (Chrono Boost)  
  37  6:08  Stargate  
  36  6:11  Probe (Chrono Boost)  
  33  6:34  Oracle  
  33  6:51  Probe (Chrono Boost)  
  34  7:02  Probe (Chrono Boost)  
  35  7:10  Oracle  
  35  7:12  Probe (Chrono Boost)  
  39  7:23  Probe x2 (Chrono Boost)  
  39  7:27  Assimilator  
  41  7:31  Assimilator  
  41  7:33  Probe (Chrono Boost)  
  41  7:34  Probe (Chrono Boost)  
  44  7:44  Probe x2 (Chrono Boost)  
  45  7:54  Probe (Chrono Boost)  
  45  7:55  Probe (Chrono Boost)  
  48  8:05  Probe (Chrono Boost)  
  48  8:46  Oracle x2  
  54  8:52  Cybernetics Core  
  54  8:57  Pylon  
  54  8:58  Pylon  
  54  8:59  Pylon x2  
  54  9:02  Forge  
  54  9:08  Fleet Beacon  
  54  9:15  Probe (Chrono Boost)  
  55  9:21  Probe (Chrono Boost)  
  56  9:25  Probe (Chrono Boost)  
  57  9:31  Probe (Chrono Boost)  
  57  9:32  Warp Gate  
  57  9:35  Oracle x2  
  57  9:36  Probe (Chrono Boost)  
  65  9:42  Probe (Chrono Boost)  
  66  9:47  Probe (Chrono Boost)  
  66  9:52  Probe (Chrono Boost)  
  68  9:57  Probe (Chrono Boost)  
  69  10:01  Pylon  
  69  10:03  Pylon, Probe (Chrono Boost)  
  69  10:05  Pylon  
  70  10:08  Probe (Chrono Boost)  
  71  10:18  Probe (Chrono Boost)  
  71  10:20  Carrier x2  
  83  10:30  Graviton Catapult  
  68  11:38  Carrier x2  
  77  11:55  Protoss Air Weapons Level 1  
  77  12:00  Nexus  
  77  12:02  Pylon  
  77  12:04  Pylon  
  77  12:24  Stargate  
  77  12:27  Stargate  
  77  12:36  Nexus  
  77  12:40  Assimilator  
  77  12:43  Assimilator  
  77  12:45  Assimilator  
  77  12:47  Assimilator  
  77  12:53  Carrier x2  
  77  12:56  Pylon  
  89  13:48  Probe (Chrono Boost)  
  89  13:59  Probe (Chrono Boost)  
  90  14:07  Carrier x2  
  90  14:08  Carrier  
  90  14:09  Probe (Chrono Boost)  
  103  14:20  Carrier  
  109  15:02  Probe (Chrono Boost)  
  98  15:12  Probe (Chrono Boost)  
  99  15:46  Carrier  
  105  15:57  Probe (Chrono Boost)  
  106  16:05  Photon Cannon x2  
  106  16:07  Photon Cannon  
  106  16:08  Photon Cannon  
  106  16:11  Photon Cannon x2  
  106  16:44  Pylon  
  106  16:45  Pylon  
  106  16:47  Pylon  
  106  16:49  Pylon  
  106  16:51  Carrier x2, Pylon  
  106  16:53  Pylon  
  106  16:54  Pylon  
  106  16:56  Pylon  
  106  16:58  Pylon  
  106  16:59  Pylon  
  106  17:00  Pylon  
  106  17:02  Carrier  
  106  17:03  Nexus  
  106  17:04  Pylon  
  106  17:06  Pylon  
  124  18:02  Pylon x2  
  124  18:06  Carrier x3  
  142  18:27  Carrier  
  148  18:46  Protoss Air Armor Level 1  
  139  19:20  Carrier  
  139  19:21  Photon Cannon  
  139  19:22  Photon Cannon  
  139  19:24  Photon Cannon x2  
  139  19:27  Photon Cannon  
  139  19:29  Photon Cannon  
  139  19:32  Carrier  
  139  19:36  Probe (Chrono Boost)  
  152  19:45  Carrier  
  152  19:46  Probe (Chrono Boost)  
  153  19:56  Carrier  
  153  19:57  Probe (Chrono Boost)  
  166  20:08  Probe (Chrono Boost)  
  167  20:18  Probe (Chrono Boost)  
Show
View Real Time Build Order
Export as new Build Order

Myran Protoss - Winner!

Build Orders:  

Get SALT Encoding   

  12  0:01  Probe (Chrono Boost)  
  13  0:12  Probe (Chrono Boost)  
  14  0:20  Pylon  
  14  0:24  Probe (Chrono Boost)  
  15  0:38  Probe (Chrono Boost)  
  15  0:41  Forge  
  16  0:49  Pylon  
  16  1:00  Probe (Chrono Boost)  
  17  1:15  Photon Cannon  
  17  1:19  Photon Cannon  
  17  1:31  Probe (Chrono Boost)  
  17  1:34  Gateway  
  17  1:41  Probe (Chrono Boost)  
  18  1:47  Assimilator  
  18  1:51  Assimilator  
  18  1:52  Probe (Chrono Boost)  
  19  2:03  Photon Cannon  
  18  2:09  Pylon  
  18  2:18  Zealot  
  18  2:19  Probe (Chrono Boost)  
  21  2:29  Photon Cannon  
  21  2:35  Probe (Chrono Boost)  
  22  2:52  Photon Cannon  
  22  3:11  Zealot  
  23  3:34  Probe (Chrono Boost)  
  23  3:39  Gateway  
  23  3:41  Cybernetics Core  
  23  4:06  Probe (Chrono Boost)  
  24  4:10  Nexus  
  25  4:17  Probe (Chrono Boost)  
  25  4:20  Zealot  
  25  4:21  Pylon  
  25  4:23  Pylon  
  27  4:28  Probe (Chrono Boost)  
  27  4:30  Zealot  
  30  4:44  Photon Cannon  
  28  5:07  Photon Cannon  
  26  5:17  Pylon  
  24  5:26  Pylon  
  24  5:29  Sentry x2  
  28  5:39  Photon Cannon  
  28  5:45  Probe (Chrono Boost)  
  29  5:55  Zealot x2  
  29  5:56  Probe x2 (Chrono Boost)  
  35  6:06  Probe (Chrono Boost)  
  35  6:07  Probe (Chrono Boost)  
  33  6:17  Probe x2 (Chrono Boost)  
  35  6:22  Zealot  
  35  6:23  Zealot  
  39  6:27  Probe (Chrono Boost)  
  40  6:38  Probe (Chrono Boost)  
  37  6:48  Probe (Chrono Boost)  
  37  6:49  Zealot  
  37  6:50  Zealot  
  42  6:59  Probe x2 (Chrono Boost)  
  44  7:03  Pylon  
  44  7:04  Warp Gate  
  44  7:05  Pylon  
  44  7:09  Probe x2 (Chrono Boost)  
  46  7:18  Gateway  
  46  7:20  Gateway, Probe x2 (Chrono Boost)  
  48  7:29  Photon Cannon  
  48  7:30  Probe (Chrono Boost)  
  48  7:31  Probe (Chrono Boost)  
  48  7:32  Pylon  
  50  7:45  Zealot x2  
  54  7:54  Nexus  
  54  7:56  Pylon  
  54  8:00  Probe (Chrono Boost)  
  55  8:06  Assimilator  
  55  8:10  Assimilator  
  55  8:11  Probe (Chrono Boost)  
  56  8:13  Stalker x2  
  56  8:14  Zealot x2  
  64  8:27  Twilight Council  
  64  8:29  Pylon  
  64  8:32  Pylon  
  64  8:39  Photon Cannon  
  64  8:41  Photon Cannon  
  64  8:43  Pylon  
  64  8:45  Pylon  
  64  8:54  Stalker x2  
  64  8:55  Zealot x2  
  72  9:04  Gateway  
  72  9:05  Gateway  
  72  9:10  Charge  
  72  9:28  Protoss Ground Weapons Level 1  
  72  9:38  Stalker x2  
  72  9:39  Stalker  
  78  9:49  Probe (Chrono Boost)  
  78  9:52  Probe (Chrono Boost)  
  80  10:03  Probe (Chrono Boost)  
  81  10:09  Zealot x4  
  81  10:13  Probe (Chrono Boost)  
  90  10:24  Probe (Chrono Boost)  
  91  10:34  Probe (Chrono Boost), Blink  
  92  10:36  Stalker x2  
  92  10:37  Stalker x2  
  92  10:39  Zealot  
  102  10:45  Probe (Chrono Boost)  
  103  10:55  Probe (Chrono Boost)  
  96  11:06  Probe (Chrono Boost)  
  96  11:07  Protoss Ground Armor Level 1  
  96  11:10  Zealot  
  96  11:11  Zealot x3  
  89  11:12  Zealot  
  55  11:25  Stalker  
  55  11:33  Zealot  
  55  11:34  Zealot x3  
  55  11:35  Zealot  
  59  12:09  Stalker x4  
  59  12:10  Stalker x2  
  71  12:32  Probe (Chrono Boost)  
  71  12:33  Nexus  
  71  12:35  Stalker  
  71  12:36  Stalker x2  
  78  12:37  Stalker x2  
  78  12:38  Stalker  
  78  12:40  Assimilator  
  78  12:42  Probe (Chrono Boost)  
  78  12:44  Gateway x2, Assimilator  
  85  12:47  Protoss Shields Level 1  
  85  12:49  Forge  
  85  12:52  Pylon  
  85  12:55  Pylon  
  85  13:00  Pylon  
  85  13:02  Stalker x3  
  85  13:03  Stalker x2  
  85  13:04  Stalker  
  91  13:27  Stalker  
  91  13:28  Stalker x4  
  91  13:29  Stalker  
  101  14:10  Probe (Chrono Boost)  
  102  14:18  Protoss Ground Armor Level 2  
  102  14:19  Stalker x4  
  102  14:20  Stalker  
  102  14:21  Probe (Chrono Boost)  
  102  14:22  Stalker x3  
  119  14:32  Probe (Chrono Boost)  
  120  14:41  Protoss Ground Weapons Level 2  
  120  14:42  Probe (Chrono Boost)  
  121  14:51  Stalker x4, Nexus  
  129  14:53  Stalker x3  
  129  14:54  Stalker  
  131  15:14  Zealot  
  119  15:40  Nexus  
  119  15:51  Pylon  
  119  15:53  Pylon  
  119  15:55  Pylon  
  119  15:58  Pylon  
  119  16:00  Pylon  
  119  16:02  Pylon  
  119  16:05  Assimilator  
  119  16:08  Pylon  
  119  16:09  Assimilator  
  119  16:10  Pylon  
  119  16:12  Pylon  
  119  16:16  Protoss Shields Level 2  
  119  16:21  Stalker x2  
  119  16:22  Stalker x2  
  127  16:49  Stalker x2  
  127  16:50  Stalker x3  
  127  16:51  Stalker x2  
  127  16:52  Stalker  
  144  16:54  Probe (Chrono Boost)  
  144  17:05  Probe (Chrono Boost)  
  81  17:36  Stalker x4  
  73  17:37  Stalker x4  
  67  17:53  Probe (Chrono Boost)  
  68  18:00  Probe (Chrono Boost)  
  68  18:04  Probe (Chrono Boost)  
  70  18:09  Stalker  
  70  18:10  Stalker x3, Probe (Chrono Boost)  
  70  18:11  Stalker x2  
  83  18:13  Stalker  
  83  18:14  Probe (Chrono Boost)  
  86  18:21  Probe (Chrono Boost)  
  86  18:25  Probe (Chrono Boost)  
  88  18:32  Probe (Chrono Boost)  
  89  18:35  Probe (Chrono Boost)  
  90  18:42  Probe (Chrono Boost)  
  90  18:43  Stalker x4  
  90  18:44  Stalker x3  
  90  18:45  Stalker  
  106  19:10  Zealot x4  
  106  19:11  Zealot  
  102  19:54  Probe (Chrono Boost)  
  102  19:56  Probe (Chrono Boost)  
  84  20:04  Probe (Chrono Boost)  
  84  20:07  Probe (Chrono Boost)  
  82  20:15  Probe (Chrono Boost)  
  77  20:23  Pylon  
  77  20:25  Probe (Chrono Boost)  
  77  20:27  Pylon  
  66  20:33  Nexus  
  66  20:35  Pylon  
  64  20:36  Probe (Chrono Boost)  
  64  20:37  Nexus  
  63  20:46  Stalker x4  
  63  20:47  Stalker x3  
  63  20:48  Stalker  
  79  20:55  Probe (Chrono Boost)  
  80  21:05  Probe (Chrono Boost)  
  81  21:14  Stalker x2  
  81  21:15  Stalker x3  
  81  21:16  Stalker, Probe (Chrono Boost)  
  94  21:22  Zealot x2  
Show
View Real Time Build Order
Export as new Build Order

dallaskuken Protoss - Winner!

Build Orders:  

Get SALT Encoding   

  12  0:02  Probe (Chrono Boost)  
  13  0:12  Probe (Chrono Boost)  
  14  0:19  Pylon  
  14  0:23  Probe (Chrono Boost)  
  15  0:38  Probe (Chrono Boost)  
  16  0:43  Gateway  
  16  0:48  Probe (Chrono Boost)  
  17  0:59  Pylon, Probe (Chrono Boost)  
  17  1:02  Assimilator  
  18  1:10  Probe (Chrono Boost)  
  19  1:18  Gateway  
  19  1:21  Probe (Chrono Boost)  
  20  1:27  Zealot  
  20  1:29  Assimilator  
  22  1:43  Cybernetics Core  
  22  1:50  Probe (Chrono Boost)  
  25  2:07  Zealot  
  25  2:28  Pylon  
  25  2:47  Mothership Core (Chrono Boost)  
  24  3:00  Zealot  
  30  3:27  Stalker  
  25  3:39  Pylon  
  25  3:42  Warp Gate  
  23  4:05  Gateway  
  23  4:08  Gateway x2  
  23  4:12  Stalker  
  23  4:13  Probe (Chrono Boost)  
  26  4:23  Probe (Chrono Boost)  
  27  4:33  Robotics Facility  
  27  4:34  Probe (Chrono Boost)  
  28  4:51  Stalker  
  30  4:58  Stalker x3  
  36  5:20  Stalker  
  38  5:58  Pylon  
  38  6:00  Pylon  
  38  6:05  Zealot  
  38  6:23  Zealot x3  
  44  6:49  Stalker  
  44  6:50  Stalker x2  
  50  7:08  Nexus  
  50  7:10  Pylon  
  50  7:12  Pylon  
  50  7:14  Immortal  
  54  7:27  Pylon  
  54  7:29  Pylon  
  54  7:47  Zealot  
  54  7:48  Zealot  
  58  7:52  Probe (Chrono Boost)  
  58  7:53  Immortal  
  61  8:03  Probe (Chrono Boost)  
  60  8:13  Probe (Chrono Boost)  
  61  8:21  Probe (Chrono Boost)  
  61  8:24  Probe (Chrono Boost)  
  63  8:27  Assimilator  
  63  8:31  Probe (Chrono Boost)  
  64  8:35  Probe (Chrono Boost)  
  65  8:42  Probe (Chrono Boost)  
  65  8:45  Probe (Chrono Boost)  
  67  8:53  Probe (Chrono Boost)  
  67  8:54  Stalker x3  
  74  8:56  Probe (Chrono Boost)  
  75  9:16  Robotics Bay  
  75  9:17  Assimilator  
  75  9:23  Sentry x3  
  81  9:32  Probe (Chrono Boost)  
  82  9:41  Forge  
  82  9:42  Probe (Chrono Boost)  
  82  9:45  Probe (Chrono Boost)  
  84  9:52  Pylon  
  84  9:55  Pylon, Probe (Chrono Boost)  
  84  9:56  Pylon  
  84  9:57  Pylon  
  85  10:02  Immortal  
  85  10:06  Probe (Chrono Boost)  
  90  10:16  Probe (Chrono Boost)  
  90  10:20  Stalker  
  90  10:21  Stalker x2  
  95  10:27  Probe (Chrono Boost)  
  98  10:44  Colossus  
  84  11:30  Stalker x4  
  58  11:54  Extended Thermal Lance  
  58  12:02  Colossus  
  64  12:15  Nexus  
  64  12:16  Protoss Ground Weapons Level 1  
  64  12:18  Pylon  
  64  12:20  Pylon  
  64  12:23  Stalker x4  
  71  12:56  Colossus  
  77  12:59  Stalker x2  
  77  13:00  Stalker x2  
  85  13:45  Stalker x3  
  85  13:46  Stalker  
  93  13:49  Colossus  
  97  14:39  Nexus  
  77  15:12  Colossus  
  83  15:15  Stalker x4  
  73  16:11  Colossus  
  53  16:44  Assimilator  
  53  16:45  Pylon  
  53  16:48  Pylon, Assimilator  
  53  16:56  Robotics Facility  
  53  16:59  Robotics Facility  
  53  17:00  Colossus  
  53  17:02  Stalker x4  
  67  17:37  Stalker x4  
  75  17:52  Colossus  
  75  17:57  Colossus  
  81  17:59  Colossus  
  81  18:02  Stalker x4  
  101  18:22  Nexus  
  101  18:29  Gateway  
  101  18:32  Gateway  
  101  18:34  Gateway  
  101  18:35  Zealot  
  101  18:37  Gateway  
  101  18:39  Gateway  
  103  18:41  Gateway, Immortal  
  107  19:01  Protoss Ground Armor Level 1  
  107  19:18  Colossus  
  107  19:25  Colossus  
  119  19:44  Zealot x4  
  127  19:45  Zealot  
  127  19:46  Zealot x2  
  133  19:57  Sentry x3  
  105  21:11  Stalker x4  
  105  21:12  Stalker x5  
  105  21:13  Stalker  
Show
View Real Time Build Order
Export as new Build Order

NYN Zerg 

Build Orders: Pool First 

Get SALT Encoding   

  12  0:19  Spawning Pool  
  11  0:23  Drone  
  11  0:27  Drone  
  13  0:35  Overlord  
  13  0:47  Drone  
  14  1:06  Zergling x4  
  14  1:07  Zergling x2  
  17  1:17  Zergling x2  
  18  1:24  Queen  
  20  1:34  Zergling x2  
  20  1:39  Zergling x2  
  22  1:53  Overlord  
  21  2:35  Drone x3  
  19  3:07  Hatchery  
  19  3:09  Drone  
  19  3:10  Drone x4  
  23  3:13  Extractor  
  23  3:16  Extractor  
  21  3:27  Roach Warren  
  20  3:28  Drone x2  
  22  3:37  Drone  
  23  3:59  Overlord  
  23  4:08  Roach  
  23  4:09  Roach x2  
  29  4:18  Roach x3  
  35  4:25  Queen, Overlord  
  37  4:36  Roach x2  
  41  4:44  Roach x3  
  47  4:53  Drone x3  
  50  5:05  Drone, Burrow  
  51  5:11  Lair  
  51  5:14  Drone  
  51  5:16  Overlord  
  51  5:18  Overlord  
  52  5:28  Overlord  
  52  5:29  Overlord  
  42  6:27  Evolution Chamber  
  42  6:28  Drone x5  
  42  6:32  Extractor  
  41  6:35  Extractor  
  32  6:49  Roach  
  32  6:50  Roach x6  
  32  6:51  Roach  
  48  6:56  Roach x3  
  48  7:00  Roach  
  48  7:01  Roach x2  
  60  7:10  Zerg Ground Armor Level 1  
  60  7:11  Glial Reconstitution  
  60  7:16  Metabolic Boost  
  60  7:26  Drone x2  
  60  7:27  Drone  
  63  7:30  Drone x3  
  63  7:31  Drone x2  
  64  8:02  Ravager x3  
  64  8:03  Ravager  
  58  8:14  Drone  
  58  8:28  Spore Crawler  
  58  8:30  Drone x6  
  57  8:45  Spore Crawler  
  56  8:48  Spore Crawler  
  56  8:49  Drone  
  56  8:50  Drone x7, Spore Crawler  
  56  8:51  Drone, Spore Crawler  
  62  8:57  Queen  
  64  9:05  Roach x2  
  64  9:06  Roach x5  
  78  9:12  Drone  
  79  9:19  Hatchery  
  78  9:29  Drone x2  
  80  9:32  Ravager  
  80  9:33  Ravager x3  
  80  9:37  Overlord  
  80  9:38  Overlord x2  
  84  9:49  Overlord x2  
  84  9:57  Ravager x2  
  84  9:58  Ravager x3  
  89  10:00  Roach  
  89  10:01  Roach  
  93  10:11  Zerg Missile Weapons Level 1  
  93  10:40  Spire  
  92  10:43  Drone x6  
  92  10:45  Queen, Drone x2  
  92  10:48  Extractor  
  92  10:49  Extractor  
  100  10:50  Drone  
  100  10:51  Drone x2  
  100  10:52  Drone x2  
  50  11:56  Zergling x6  
  50  11:57  Zergling x16  
  50  11:58  Zergling x16  
  69  12:04  Zergling x2  
  69  12:05  Zergling x6  
  73  12:11  Zerg Melee Weapons Level 1  
  73  12:27  Drone x3  
  73  12:28  Drone x2  
  78  12:32  Drone  
  78  12:33  Drone  
  78  12:34  Drone x2  
  82  12:47  Hatchery  
  60  13:38  Infestation Pit  
  59  13:42  Hydralisk Den  
  59  13:48  Drone x8  
  63  13:49  Drone x3  
  63  13:51  Overlord  
  63  13:52  Overlord x4  
  69  14:00  Roach x5  
  69  14:01  Roach x6  
  69  14:02  Roach x2  
  95  14:05  Zerg Ground Armor Level 2  
  95  14:12  Zerg Flyer Armor Level 1  
  95  14:14  Roach x4  
  99  14:17  Roach x6  
  99  14:18  Roach x3  
  113  14:31  Ravager x4  
  113  14:38  Ravager  
  113  14:39  Ravager x7  
  113  14:40  Ravager x10  
  113  14:41  Ravager x3  
  72  15:44  Mutalisk x7  
  72  15:45  Mutalisk x3  
  72  15:49  Zergling x10  
  98  15:50  Zergling x14  
  98  15:51  Zergling x6  
  101  16:20  Zerg Missile Weapons Level 2  
  87  16:31  Corruptor x2  
  87  16:32  Corruptor x2  
  77  16:37  Drone x16  
  74  16:52  Hatchery  
  73  16:55  Zergling x8  
  73  16:56  Zergling x2  
  73  16:57  Zergling x6  
  73  16:59  Queen  
  83  17:26  Hatchery  
  81  17:35  Queen  
  75  17:38  Drone  
  71  17:50  Extractor  
  64  17:54  Extractor  
  63  18:06  Extractor  
  63  18:08  Extractor  
  63  18:12  Zergling x16  
  69  18:13  Zergling x14  
  76  18:27  Drone x2  
  76  18:28  Drone  
  79  18:35  Extractor  
  79  18:36  Zerg Melee Weapons Level 2  
  79  18:39  Extractor  
  77  18:41  Drone  
  77  18:46  Corruptor x2  
  82  18:58  Zergling x8  
  82  18:59  Zergling x10  
  85  19:18  Corruptor x3  
  79  19:32  Drone x3  
  80  19:39  Zergling x10  
  80  19:41  Zergling x6  
  78  19:46  Corruptor x3  
  78  19:49  Zergling x6  
  82  19:55  Zergling x4  
  82  19:57  Zergling x2  
  82  19:58  Zergling x6  
  87  20:19  Zergling x4  
  87  20:20  Zergling x6  
  85  20:34  Zergling x6  
  85  20:35  Zergling x10  
Show
View Real Time Build Order
Export as new Build Order

ArdagII Terran 

Build Orders:  

Get SALT Encoding   

  12  0:01  SCV  
  13  0:13  SCV  
  14  0:19  Supply Depot  
  14  0:25  SCV  
  15  0:40  SCV  
  16  0:44  Barracks  
  16  0:52  SCV  
  17  1:03  Barracks  
  17  1:04  SCV  
  18  1:17  SCV  
  19  1:29  SCV  
  20  1:35  Marine  
  20  1:38  Refinery  
  21  1:41  SCV, Barracks  
  21  1:44  Refinery  
  22  1:47  Supply Depot  
  22  1:51  Marine  
  23  1:59  Supply Depot  
  23  2:08  Marine  
  23  2:09  SCV, Marine  
  26  2:49  Marine x3  
  27  3:07  Marine  
  27  3:11  Marine x2  
  29  3:24  Marine  
  30  3:29  Marine  
  30  3:33  Barracks Reactor  
  30  3:35  SCV  
  30  3:36  Barracks  
  30  3:42  Factory, Marine  
  30  3:46  Marine  
  30  3:48  SCV  
  31  3:56  Command Center  
  31  4:00  SCV, Marine  
  33  4:04  Marine  
  34  4:12  Marine x2  
  36  4:18  Marine  
  36  4:22  Marine, Supply Depot  
  36  4:23  Supply Depot  
  38  4:25  Barracks Reactor  
  38  4:30  Marine  
  39  4:31  Factory Tech Lab  
  39  4:32  Factory  
  39  4:43  Marine x3  
  41  4:56  Marine  
  42  5:01  Marine  
  42  5:07  Marine x4  
  42  5:14  Marine  
  46  5:19  Marine  
  48  5:25  Marine x4  
  51  5:31  Marine  
  49  5:37  Marine  
  41  5:43  Marine x2  
  41  5:49  Marine  
  45  5:50  Barracks Tech Lab  
  45  5:52  Barracks Tech Lab  
  45  5:53  Factory Tech Lab  
  45  5:54  Marine  
  45  6:06  SCV  
  45  6:14  Orbital Command  
  45  6:19  SCV  
  38  6:45  Marine  
  38  6:46  Marine x5  
  29  7:03  Marine x2  
  29  7:05  Marauder  
  33  7:13  Engineering Bay  
  33  7:24  Orbital Command  
  33  7:26  SCV  
  33  7:29  Marine  
  34  7:30  Marine x2  
  37  7:38  SCV  
  37  8:04  Marine x4  
  42  8:07  Marauder x2  
  42  8:11  SCV  
  42  8:12  SCV  
  47  8:16  Missile Turret  
  47  8:20  Missile Turret  
  47  8:23  SCV, Marine  
  47  8:24  SCV  
  50  8:33  Stimpack  
  50  8:35  Concussive Shells  
  50  8:46  SCV x2  
  52  8:58  SCV x2  
  54  9:10  SCV x2  
  54  9:11  Marine x2  
  54  9:12  Marine x2  
  54  9:13  Marauder x2  
  54  9:15  Refinery  
  64  9:17  Refinery  
  64  9:18  Siege Tank  
  64  9:22  SCV x2  
  69  9:34  SCV  
  70  9:44  Supply Depot  
  70  9:56  Supply Depot  
  70  9:58  Supply Depot  
  70  10:06  SCV x2, Siege Tank  
  75  10:11  Supply Depot  
  75  10:12  Siege Tank  
  78  10:17  Marine x3  
  78  10:18  Marauder, SCV x2  
  85  10:30  SCV  
  86  10:38  Marine x3  
  86  10:39  Marauder, Siege Tank  
  94  10:44  Siege Tank  
  90  11:11  Siege Tank  
  90  11:12  Marauder, Marine x4  
  90  11:13  Marauder  
  83  11:30  Marine x2  
  80  11:34  Marauder  
  79  11:46  Siege Tank  
  79  11:47  Siege Tank  
  82  11:48  Marine x2  
  82  11:49  Marauder, Marine  
  79  11:55  Marauder  
  67  12:10  Marauder  
  67  12:14  Armory  
  69  12:37  Command Center  
  69  13:02  Thor x2  
  81  13:07  Combat Shields  
  81  13:12  Marauder, Marine x4, Command Center  
  87  13:19  SCV x2  
  89  13:31  SCV x2  
  91  13:43  SCV  
  92  13:48  Thor  
  92  13:49  Thor  
  104  13:57  Refinery x2  
  104  13:58  SCV  
  105  14:10  Marine x3  
  62  15:07  Marauder, Marine x4  
  56  15:09  Thor x2  
  56  15:11  Marauder  
  76  15:24  SCV, Marine  
  76  15:25  SCV, Marine x3  
  76  15:29  Marauder  
  76  15:32  Marauder  
  78  15:36  SCV  
  78  15:37  SCV  
  80  15:48  SCV  
  81  15:50  SCV  
  81  15:52  Thor x2  
  81  15:54  Factory  
  87  16:00  SCV  
  87  16:02  Marine  
  87  16:03  Marauder, Marine  
  88  16:34  Thor  
  94  16:43  Marine  
  94  16:44  Marauder x2, Marine x3  
  94  16:46  Thor  
  108  16:50  Factory Tech Lab  
  108  17:29  Supply Depot x2  
  108  17:30  Supply Depot  
  108  17:50  Factory  
  108  17:51  Marauder x2, SCV x2, Thor  
  114  17:52  Thor x2  
  114  17:57  Terran Infantry Weapons Level 1  
  132  18:03  Refinery  
  132  18:06  Refinery  
  132  18:14  Supply Depot x2  
  132  18:16  Supply Depot  
  132  18:21  Marine  
  132  18:22  SCV  
  130  18:44  Factory Tech Lab  
  130  18:45  Supply Depot  
  130  18:46  Supply Depot  
  130  18:48  Supply Depot  
  121  18:59  Orbital Command  
  121  19:02  Supply Depot  
  121  19:03  Supply Depot  
  121  19:05  Supply Depot  
  121  19:09  Marauder, Marine x2  
  125  19:23  Thor, Marine x2  
  133  19:25  Marauder, SCV  
  133  19:27  Thor, Marine  
  133  19:30  Marine x2  
  145  19:37  SCV  
  146  19:41  Marine x2  
  146  19:44  Marine  
  149  19:47  Marine  
  149  19:48  Marine  
  149  19:49  SCV  
  149  19:50  Supply Depot  
  149  19:52  Thor  
  149  19:55  Supply Depot  
  149  19:56  Supply Depot  
  145  20:01  SCV  
  146  20:12  Thor  
  146  20:13  SCV  
  153  20:16  Thor x2  
  85  20:49  Marine x2  
Show
View Real Time Build Order
Export as new Build Order

mokka Zerg 

Build Orders: Pool First 

Get SALT Encoding   

  12  0:18  Spawning Pool  
  11  0:22  Drone  
  12  0:33  Drone  
  13  0:36  Overlord  
  14  0:50  Drone  
  14  1:06  Zergling x6  
  14  1:09  Queen  
  19  1:33  Zergling x4  
  21  1:48  Hatchery, Drone  
  21  1:51  Extractor  
  20  2:16  Drone x2  
  22  2:33  Overlord x2  
  22  2:44  Hatchery  
  20  3:01  Drone x3  
  22  3:15  Drone x3  
  25  3:23  Extractor  
  23  3:37  Drone  
  23  3:38  Drone  
  25  3:42  Drone x3  
  25  3:44  Lair  
  25  3:48  Drone x3  
  31  4:03  Drone x2  
  31  4:09  Drone  
  34  4:13  Drone, Roach Warren  
  34  4:21  Queen  
  36  4:25  Extractor  
  36  4:26  Drone x2, Extractor  
  36  4:27  Drone  
  36  4:53  Drone x6  
  36  4:54  Drone x2  
  36  4:56  Glial Reconstitution  
  44  5:02  Overlord  
  43  5:17  Evolution Chamber  
  33  5:32  Queen  
  35  5:38  Roach x5  
  35  5:39  Roach x2  
  49  5:48  Zerg Missile Weapons Level 1  
  49  5:56  Drone x4  
  49  5:57  Drone  
  54  6:02  Spore Crawler  
  53  6:04  Drone x2  
  53  6:05  Drone  
  56  6:13  Hydralisk Den  
  55  6:21  Burrow  
  55  6:24  Spore Crawler  
  54  6:30  Drone x4  
  58  6:45  Overlord x4  
  58  6:49  Overseer  
  58  6:53  Muscular Augments  
  58  7:01  Spore Crawler  
  58  7:03  Roach  
  58  7:04  Roach x3  
  65  7:17  Hydralisk x3  
  65  7:18  Hydralisk  
  65  7:22  Ravager x2  
  76  7:23  Ravager x2  
  76  7:26  Ravager  
  78  7:39  Hydralisk x3  
  78  7:40  Hydralisk  
  86  7:56  Zerg Missile Weapons Level 2  
  86  7:59  Drone  
  86  8:00  Drone x3  
  86  8:02  Overlord x2  
  90  8:15  Overlord x2  
  90  8:16  Overlord  
  90  8:24  Roach x3  
  90  8:25  Roach x2  
  100  8:39  Drone x3  
  100  8:40  Drone x6  
  109  8:44  Extractor  
  108  8:58  Roach x6  
  120  9:06  Overlord  
  120  9:07  Overlord x2  
  120  9:10  Queen  
  120  9:16  Infestation Pit  
  121  9:17  Evolution Chamber  
  121  9:20  Hydralisk  
  122  9:35  Hydralisk x4  
  122  9:36  Hydralisk  
  132  9:54  Hydralisk x3  
  132  9:55  Hydralisk x4  
  146  10:01  Zerg Ground Armor Level 1  
  146  10:07  Hive  
  146  10:40  Overlord x5  
  83  12:02  Roach  
  83  12:03  Roach x21  
  127  12:11  Zerg Missile Weapons Level 3  
  127  12:13  Spire  
  127  12:14  Zerg Ground Armor Level 2  
  126  12:20  Tunneling Claws  
  126  12:23  Metabolic Boost  
  126  12:46  Drone  
  126  12:47  Drone x5  
  108  13:39  Hydralisk  
  108  13:40  Hydralisk x19  
  108  13:41  Adrenal Glands, Hydralisk x4  
  142  13:50  Corruptor x4  
  130  14:34  Roach x16  
  118  14:43  Corruptor x4  
  118  14:44  Corruptor  
  108  15:31  Hydralisk  
  108  15:32  Hydralisk x6  
  108  15:33  Hydralisk x5  
  108  15:34  Hydralisk x5  
  108  15:35  Hydralisk x2  
  146  16:15  Roach x8  
  146  16:50  Corruptor x3  
  146  16:51  Corruptor x4  
  88  18:05  Zerg Flyer Weapons Level 1  
  88  18:10  Extractor  
  87  18:22  Zerg Melee Weapons Level 1  
  87  18:24  Zerg Ground Armor Level 3  
  87  18:30  Zergling x12  
  87  18:31  Zergling x6  
  94  18:48  Roach  
  88  18:52  Corruptor x3  
  88  18:53  Corruptor  
  91  19:38  Corruptor x3  
  85  19:40  Zergling x6  
  85  19:41  Zergling x12  
  85  19:42  Zergling x4  
  102  19:52  Zergling x4  
Tags
 
Add a new tag
Caveats
  • Supply blocks, unpowered buildings, or Contaminate may cause inaccurate times.
  • Supply counts are checked every 10 seconds.